 Dungeon Crawl Stone Soup version 0.22-a0-448-g1fb7470 (webtiles) character file.

47 galech the Skirmisher (level 3, 0/40 HPs)
             Began as an Ogre Berserker on June 4, 2018.
             Was a Believer of Trog.
             Succumbed to a kobold's poison
             ... on level 1 of the Dungeon.
             The game lasted 00:01:46 (1526 turns).

galech the Skirmisher (Ogre Berserker)              Turns: 1526, Time: 00:01:47

Health: 0/40       AC:  3    Str: 22    XL:     3   Next: 70%
Magic:  12/12      EV: 10    Int:  8    God:    Trog [**....]
Gold:   84         SH:  0    Dex:  8    Spells: 2/2 levels left

rFire    . . .     SeeInvis .   a - +0 mace
rCold    . . .     Gourm    .   (no shield)
rNeg     . . .     Faith    .   b - +0 animal skin
rPois    .         Spirit   .   (helmet restricted)
rElec    .         Reflect  .   (no cloak)
rCorr    .         Harm     .   (gloves unavailable)
MR       .....                  (boots unavailable)
Stlth    +.........             (no amulet)
HPRegen  0.13/turn              e - ring of magical power
MPRegen  0.13/turn              (no ring)

@: lethally poisoned (0 -> -9), berserk cooldown, hasted and slowed
A: large, unfitting armour, tough skin 1
a: Berserk, Trog's Hand, Renounce Religion


You were on level 1 of the Dungeon.
You worshipped Trog.
Trog was pleased with you.
You were hungry.

You visited 1 branch of the dungeon, and saw 2 of its levels.

You collected 84 gold pieces.

Inventory:

Hand Weapons
 a - a +0 mace (weapon)
Armour
 b - a +0 animal skin (worn)
Jewellery
 e - a ring of magical power (left hand)
Scrolls
 d - a scroll of identify {unknown}
 h - 2 scrolls of enchant weapon {unknown}
 i - a scroll of fear {unknown}
Potions
 f - a potion of haste
Comestibles
 c - 5 rations
 g - a chunk of flesh


   Skills:
 + Level 4.7 Fighting
 + Level 3.4 Maces & Flails
 + Level 3.0 Dodging
 + Level 0.2 Stealth


You had 2 spell levels left.
You didn't know any spells.
Your spell library was empty.

Dungeon Overview and Level Annotations

Branches:
Dungeon (2/15)

Altars:
Ashenzari


Innate Abilities, Weirdness & Mutations

You are too large for most types of armour.
You have tough skin. (AC +1)


Message History

There is a lethal amount of poison in your body!
There is a lethal amount of poison in your body!
* * * LOW HITPOINT WARNING * * *
You feel very sick.
A quokka comes into view.
* * * LOW HITPOINT WARNING * * *
You feel sick.
* * * LOW HITPOINT WARNING * * *
You feel sick.
It was a potion of haste.
You feel yourself speed up.
* * * LOW HITPOINT WARNING * * *
You feel sick.
* * * LOW HITPOINT WARNING * * *
You feel sick.
* * * LOW HITPOINT WARNING * * *
You feel sick.
* * * LOW HITPOINT WARNING * * *
You feel sick.
You climb upwards.
You die...

..♣♣#.##########.######
P..≈#....(..# #.# PP.≈##...##.#
#.# P..≈#.###.#.# #.# ≈≈≈≈###
##..####.###### ######
#............# #.##
##..#.......#.# #
#..###.#.#.......#.######## #
#........#...@............# #
####.#####..#.##.#.######.# #
#.# #.......#.# #.# # ###.###
##........# #.# # #.....#
###'###### #.# # #.....# ##...##
#.# # #.....# ##.....## ###.#
#.....###.......## ##.#.#
#####.....##.........####....###


There were no monsters in sight!

Vanquished Creatures
  An adder (D:2)
  An ooze (D:1)
  A worm (D:1)
  4 leopard geckos
  A giant cockroach (D:2)
  3 hobgoblins (D:1)
  A ball python (D:1)
  5 bats
  4 frilled lizards
  3 goblins
  4 kobolds
  A rat (D:2)
29 creatures vanquished.

Vanquished Creatures (others)
  5 toadstools (D:1)
5 creatures vanquished.

Grand Total: 34 creatures vanquished

Notes
Turn   | Place    | Note
-------+----------+-------------------------------------------
     0 | D:1      | galech the Ogre Berserker began the quest for the Orb.
     0 | D:1      | Reached XP level 1. HP: 24/24 MP: 1/1
   249 | D:1      | Reached XP level 2. HP: 28/32 MP: 2/2
   894 | D:1      | You fall through a shaft!
  1007 | D:2      | Reached XP level 3. HP: 29/40 MP: 3/3
  1513 | D:2      | Found a shattered altar of Ashenzari.
  1515 | D:2      | Reached ** piety under Trog
  1524 | D:2      | HP: 2/40 [poisoned by a kobold]
  1526 | D:1      | Succumbed to a kobold's poison

Vault maps used:
D:1:      ldierk_walled_garden
D:2:      first_ration, ashenzari_altar_1

Skill      XL: |  1  2 |
---------------+-------+-----
Maces & Flails | 3 |  3.4
Dodging        | 3 |  3.0
Fighting       | |  4.7
Stealth        | |  0.2

Action                   || total
-------------------------++-------
Melee: Mace              ||   103
Invok: Berserk           ||     2
  Use: Potion            ||     1
 Stab: Sleeping          ||     1
  Eat: Chunk             ||     3
Armor: Animal skin       ||    44
Dodge: Dodged            ||    80

Table legend:
 A = Spawn XP
 B = Non-spawn XP
 C = Spawn XP percentage of total XP
 D = Spawn monster count
 E = Non-spawn monster count
 F = Spawn count percentage of total count
 G = Total turns spent on level
                    A         B        C        D         E        F      G
               +---------+---------+-------+---------+---------+-------+---------
         Total |       0 |      68 |   0.0 |       0 |      29 |   0.0 |  1526
               +---------+---------+-------+---------+---------+-------+---------
           D:1 |       0 |      38 |   0.0 |       0 |      19 |   0.0 |  1144
           D:2 |       0 |      30 |   0.0 |       0 |      10 |   0.0 |   382
               +---------+---------+-------+---------+---------+-------+---------
